 Dungeon Crawl Stone Soup version 0.21.1-1-g345015f (webtiles) character file.

5 tidbits the Grave Robber (level 1, 1/13 HPs)
             Began as a Gnoll Necromancer on June 13, 2018.
             Quit the game on level 2 of the Dungeon.
             The game lasted 00:00:54 (80 turns).

tidbits the Grave Robber (Gnoll Necromancer)          Turns: 80, Time: 00:00:54

Health: 1/13       AC:  2    Str: 10    XL:     1   Next: 80%
Magic:  0/6        EV: 14    Int: 17    God:
Gold:   0          SH:  0    Dex: 15    Spells: 8/9 levels left

rFire    . . .     SeeInvis .   a - +0 short sword
rCold    . . .     Gourm    .   (no shield)
rNeg     . . .     Faith    .   g - +0 robe
rPois    .         Spirit   .   (no helmet)
rElec    .         Reflect  .   (no cloak)
rCorr    .         Harm     .   (no gloves)
MR       .....                  (no boots)
Stlth    +++.......             (no amulet)
HPRegen  0.04/turn              (no ring)
MPRegen  0.10/turn              (no ring)

@: lethally poisoned (1 -> -10)
A: distributed training, fangs 1, strong nose
a: no special abilities


You were on level 2 of the Dungeon.
You were not hungry.

You visited 1 branch of the dungeon, and saw 2 of its levels.

Inventory:

Hand Weapons
 a - a +0 short sword (weapon)
Missiles
 e - 24 stones (quivered)
Armour
 g - a +0 robe (worn)
Scrolls
 d - a scroll of enchant armour {unknown}
 f - 2 scrolls of remove curse {unknown}
Books
 b - a book of Necromancy

   Spells                             Type                      Level
   a - Pain                           Necromancy                   1
   b - Animate Skeleton               Necromancy                   1
   c - Vampiric Draining              Necromancy                   3
   d - Regeneration                   Charms/Necromancy            3
   e - Animate Dead                   Necromancy                   4
   f - Borgnjor's Vile Clutch         Necromancy/Earth             5
Comestibles
 c - a ration


   Skills:
 + Level 0.1 Fighting
 + Level 0.1 Short Blades
 + Level 0.1 Long Blades
 + Level 0.1 Axes
 + Level 0.1 Maces & Flails
 + Level 0.1 Polearms
 + Level 0.1 Staves
 + Level 0.1 Slings
 + Level 0.1 Bows
 + Level 0.1 Crossbows
 + Level 0.1 Throwing
 + Level 0.1 Armour
 + Level 4.4 Dodging
 + Level 4.0 Stealth
 + Level 0.1 Shields
 + Level 0.1 Unarmed Combat
 + Level 4.9 Spellcasting
 + Level 0.1 Conjurations
 + Level 0.1 Hexes
 + Level 0.1 Charms
 + Level 0.1 Summonings
 + Level 7.0 Necromancy
 + Level 0.1 Translocations
 + Level 0.1 Transmutations
 + Level 0.1 Fire Magic
 + Level 0.1 Ice Magic
 + Level 0.1 Air Magic
 + Level 0.1 Earth Magic
 + Level 0.1 Poison Magic
 + Level 0.2 Invocations
 + Level 0.1 Evocations


You had 8 spell levels left.
You knew the following spells:

 Your Spells              Type           Power        Failure   Level  Hunger
a - Pain                  Necr           ####         1%          1    None


Dungeon Overview and Level Annotations

Branches:
Dungeon (2/15)

Altars:


Innate Abilities, Weirdness & Mutations

Your experience applies equally to all skills.
You have very sharp teeth.
Your uncanny sense of smell can sniff out nearby items.


Message History

Casting: Pain
Confirm with . or Enter, or press ? or * to list all spells.
Aiming: Pain
Press: ? - help, Shift-Dir - straight line, f/p - frilled lizard
Aim: a frilled lizard (heavily wounded, chance to defeat MR: 93%)
The frilled lizard writhes in agony!
You kill the frilled lizard!
There is a stone staircase leading down here.
You climb downwards.
A kobold comes into view. It is wielding a short sword.
Found a scroll labeled WIGUGHIHAT.
There is a stone staircase leading up here.
Casting: Pain
Confirm with . or Enter, or press ? or * to list all spells.
Aiming: Pain
Press: ? - help, Shift-Dir - straight line, f - kobold
Aim: a kobold, wielding a short sword (resting, chance to defeat MR: 93%)
The kobold shouts!
The kobold writhes in agony!
You kill the kobold!
You see here a scroll labeled WIGUGHIHAT.
f - a scroll labeled WIGUGHIHAT
There is a stone staircase leading up here.
Found a scroll labeled WIGUGHIHAT.
There are no items here.
Things that are here:
a short sword; 4 stones
g - a short sword;
e - 24 stones (gained 4) Wield which item (- for none, * to show all)? (? for menu, Esc to quit)
g - a +0 short sword (weapon)
Adjust (i)tems, (s)pells, or (a)bilities?
Adjust which item? (? for menu, Esc to quit)
g - a +0 short sword (weapon)
Adjust to which letter? (? for menu, Esc to quit)
a - a +0 short sword (weapon);
g - a +0 robe (worn)
You see here a scroll labeled WIGUGHIHAT.
f - 2 scrolls labeled WIGUGHIHAT (gained 1)
A bat and an adder come into view.
Found a scroll labeled ASOMUFE RODD and a scroll labeled WIGUGHIHAT.
Found an escape hatch in the ceiling.
Found a stone staircase leading down.
Casting: Pain
Confirm with . or Enter, or press ? or * to list all spells.
Aiming: Pain
Press: ? - help, Shift-Dir - straight line, f - bat
Aim: a bat (resting, chance to defeat MR: 93%)
The bat writhes in agony!
You kill the bat!
A hobgoblin comes into view. It is wielding a club.
The hobgoblin shouts!
Found 16 sling bullets.
Unknown command.
Casting: Pain
Confirm with . or Enter, or press ? or * to list all spells.
Aiming: Pain
Press: ? - help, Shift-Dir - straight line, f - hobgoblin
Aim: a hobgoblin, wielding a club (chance to defeat MR: 93%)
The hobgoblin writhes in agony!
The adder hisses angrily.
Casting: Pain
Confirm with . or Enter, or press ? or * to list all spells.
Aiming: Pain
Press: ? - help, Shift-Dir - straight line, f/p - hobgoblin
Aim: a hobgoblin, wielding a club (almost dead, chance to defeat MR: 93%)
The hobgoblin writhes in agony!
You kill the hobgoblin!
Casting: Pain
Confirm with . or Enter, or press ? or * to list all spells.
Aiming: Pain
Press: ? - help, Shift-Dir - straight line, f - adder
Aim: an adder (chance to defeat MR: 89%)
The adder writhes in agony!
Casting: Pain
Confirm with . or Enter, or press ? or * to list all spells.
Aiming: Pain
Press: ? - help, Shift-Dir - straight line, f/p - adder
Aim: an adder (severely wounded, chance to defeat MR: 89%)
The adder writhes in agony!
The adder barely misses you.
Casting: Pain
Confirm with . or Enter, or press ? or * to list all spells.
Aiming: Pain
Press: ? - help, Shift-Dir - straight line, f/p - adder
Aim: an adder (almost dead, chance to defeat MR: 89%)
The adder barely resists.
The adder closely misses you.
You closely miss the adder.
The adder is almost dead.
The adder bites you.
* * * LOW HITPOINT WARNING * * *
You aren't carrying any potions.
Unknown command.
You closely miss the adder.
The adder is almost dead.
The adder closely misses you. x2
You barely miss the adder.
The adder is almost dead.
The adder bites you.
* * * LOW HITPOINT WARNING * * *
You are lethally poisoned!
The adder poisons you!
Are you sure you want to abandon this character and quit the game? (Confirm with "yes".)

##########
#........#
#........#
#..<.....#
#........#
##.?.)....#
...>?.S...#
#.....@..#
#........####
#........#..#
####.####...#
.(. #....##
...##...#.##
........#.#
...##...#.# .
#....#.#


You could see an adder.

Vanquished Creatures
  A hobgoblin (D:2)
  A kobold (D:2)
  2 bats
  A frilled lizard (D:1)
5 creatures vanquished.

Notes
Turn   | Place    | Note
-------+----------+-------------------------------------------
     0 | D:1      | tidbits the Gnoll Necromancer began the quest for the Orb.
     0 | D:1      | Reached XP level 1. HP: 13/13 MP: 6/6
    79 | D:2      | HP: 1/13 [adder (2)]
    80 | D:2      | Quit the game

Action                   || total
-------------------------++-------
Melee: Short sword       ||     3
 Cast: Pain              ||    11
Dodge: Dodged            ||     4

Table legend:
 A = Turns spent in this place as a percentage of turns spent in the entire game.
 B = Non-inter-level travel turns spent in this place as a percentage of non-inter-level travel turns spent in the entire game.
 C = Inter-level travel turns spent in this place as a percentage of turns spent in this place.
 D = Turns resting spent in this place as a percentage of non-inter-level travel turns spent in this place.
 E = Turns spent auto-exploring this place as a percentage of non-inter-level travel turns spent in this place.
 F = Non-inter-level travel turns spent in this place divided by the number of levels of this place that you've seen.
                   A       B       C       D       E      F
               +-------+-------+-------+-------+-------+----------------------
         Total | 100.0 | 100.0 |   0.0 |   0.0 |   0.0 |  40.0
       Dungeon | 100.0 | 100.0 |   0.0 |   0.0 |   0.0 |  40.0
               +-------+-------+-------+-------+-------+----------------------

Table legend:
 A = Kills in this place as a percentage of kills in entire the game.
 B = Kills by you in this place as a percentage of kills by you in the entire game.
 C = Kills by friends in this place as a percentage of kills by friends in the entire game.
 D = Other kills in this place as a percentage of other kills in the entire game.
 E = Experience gained in this place as a percentage of experience gained in the entire game.
 F = Experience gained in this place divided by the number of levels of this place that you have seen.
                   A       B       C       D       E      F
               +-------+-------+-------+-------+-------+----------------------
         Total | 100.0 | 100.0 |   N/A |   N/A | 100.0 |   4.0
       Dungeon | 100.0 | 100.0 |   N/A |   N/A | 100.0 |   4.0
               +-------+-------+-------+-------+-------+----------------------

Vault maps used:
D:1:      dpeg_arrival_leaves_temple_mockup, minmay_misc_feat_nine_boxes
